PL
BOSTON PATRIOTS @ CHARLESTON BATTERY
08/11/2042
 
TOP OF THE 1ST
Boston Patriots batting - Pitching for Charleston Battery : RHP Miguel Angel Martínez
Pitching: RHP Miguel Angel Martínez
Batting: SHB Eisse van Opdorp 0-0: Called Strike
0-1: Called Strike
0-2: Ball
1-2: Ball
2-2: Foul Ball, location: 2F
2-2: Strikes out swinging
Batting: LHB Juan Andrés Martí 0-0: Called Strike
0-1: Fly out, F7 (Line Drive, 7, EV 100.0 MPH)
Batting: SHB Jae-woo Ohm 0-0: Ball
1-0: Called Strike
1-1: Foul Ball, location: 2F
1-2: Foul Ball, location: 2F
1-2: Foul Ball, location: 2F
1-2: Foul Ball, location: 2F
1-2: SINGLE (Line Drive, 8LS, EV 98.8 MPH)
Batting: LHB Jorge Herrera 0-0: Ball
1-0: Called Strike
1-1: Ball
2-1: Called Strike
2-2: Foul Ball, location: 2F
2-2: Strikes out looking
Top of the 1st over - 0 runs, 1 hit, 0 errors, 1 left on base; Boston 0 - Charleston 0
BOTTOM OF THE 1ST
Charleston Battery batting - Pitching for Boston Patriots : RHP Aldo Ottens
Pitching: RHP Aldo Ottens
Batting: LHB Rafael Urrutiz 0-0: Called Strike
0-1: Ball
1-1: Called Strike
1-2: Foul Ball, location: 2F
1-2: Foul Ball, location: 2F
1-2: Strikes out swinging
Batting: LHB Benno Luby 0-0: Ball
1-0: SINGLE (Groundball, 4D, EV 103.1 MPH)
Batting: LHB Joey Coco 0-0: Ball
1-0: Called Strike
1-1: Foul Ball, location: 2F
1-2: Foul Ball, location: 2F
1-2: Foul Ball, location: 2F
1-2: 2-RUN HOME RUN (Flyball, 89XD, EV 91.9 MPH), Distance : 405 ft
Batting: RHB Melvin Thomas 0-0: Ball
1-0: Called Strike
1-1: Ground out 3-1 (Groundball, 34, EV 100.0 MPH)
Batting: LHB Datu Lesaca 0-0: Called Strike
0-1: Ball
1-1: DOUBLE (Flyball, 7LD, EV 88.8 MPH)
Batting: RHB Jaime Espinar 0-0: Called Strike
0-1: Ground out 6-3 (Groundball, 6, EV 105.6 MPH)
Bottom of the 1st over - 2 runs, 3 hits, 0 errors, 1 left on base; Boston 0 - Charleston 2
TOP OF THE 2ND
Boston Patriots batting - Pitching for Charleston Battery : RHP Miguel Angel Martínez
Batting: LHB Tural Bishara 0-0: Called Strike
0-1: Foul Ball, location: 2F
0-2: Ball
1-2: Strikes out swinging
Batting: RHB Masafumi Kawaguchi 0-0: Ball
1-0: Ball
2-0: Ball
3-0: Called Strike
3-1: Foul Ball, location: 2F
3-2: Foul Ball, location: 2F
3-2: Strikes out swinging
Batting: RHB Frank Ray 0-0: Called Strike
0-1: Swinging Strike
0-2: Strikes out swinging
Top of the 2nd over - 0 runs, 0 hits, 0 errors, 0 left on base; Boston 0 - Charleston 2
BOTTOM OF THE 2ND
Charleston Battery batting - Pitching for Boston Patriots : RHP Aldo Ottens
Batting: RHB Mariano Juderías 0-0: SINGLE (Flyball, 9LS, EV 90.6 MPH)
Batting: LHB Alfonso López 0-0: Ball
1-0: Fly out, F7 (Line Drive, 7, EV 95.0 MPH)
Batting: SHB Tony Manzanares 0-0: Ball
1-0: SINGLE (Groundball, 4MD, EV 96.2 MPH)
Mariano Juderías to second
Runner from 2nd tries for 3rd, SAFE, no throw by CF
Batting: LHB Rafael Urrutiz 0-0: SINGLE (Groundball, 34, EV 107.5 MPH) (infield hit)
Mariano Juderías scores
Tony Manzanares to second
Batting: LHB Benno Luby 0-0: Ball
1-0: Foul Ball, location: 2F
1-1: Foul Ball, location: 2F
1-2: Ball
2-2: SINGLE (Groundball, 4D, EV 94.4 MPH)
Tony Manzanares to third
Rafael Urrutiz to second
Batting: LHB Joey Coco 0-0: Ball
1-0: Fielders Choice at 2nd, 3-6 (Groundball, 34, EV 90.0 MPH)
Tony Manzanares scores
Rafael Urrutiz to third
Batting: RHB Melvin Thomas 0-0: Ball
1-0: Ball
2-0: Foul Ball, location: 2F
2-1: DOUBLE (Flyball, 8LXD, EV 106.9 MPH)
Rafael Urrutiz scores
Joey Coco to third
Runner from 3rd tries for Home, SAFE, no throw by CF
Pitching: RHP Joy-shan Men
Batting: LHB Datu Lesaca 0-0: Ball
1-0: Called Strike
1-1: Ball
2-1: Ball
3-1: Swinging Strike
3-2: Fly out, F8 (Line Drive, 8RD, EV 95.0 MPH)
Bottom of the 2nd over - 4 runs, 5 hits, 0 errors, 1 left on base; Boston 0 - Charleston 6
TOP OF THE 3RD
Boston Patriots batting - Pitching for Charleston Battery : RHP Miguel Angel Martínez
Batting: RHB Yu-shu Kang 0-0: Fly out, F8 (Flyball, 8RS, EV 82.5 MPH)
Batting: RHB Juan Dávila 0-0: Ball
1-0: SOLO HOME RUN (Line Drive, 78XD, EV 101.2 MPH), Distance : 419 ft
Batting: SHB Eisse van Opdorp 0-0: Ball
1-0: Foul Ball, location: 2F
1-1: Swinging Strike
1-2: Strikes out swinging, 2-3 out at first.
Batting: LHB Juan Andrés Martí 0-0: Foul Ball, location: 2F
0-1: Called Strike
0-2: Strikes out swinging
Top of the 3rd over - 1 run, 1 hit, 0 errors, 0 left on base; Boston 1 - Charleston 6
BOTTOM OF THE 3RD
Charleston Battery batting - Pitching for Boston Patriots : RHP Joy-shan Men
Batting: RHB Jaime Espinar 0-0: Called Strike
0-1: Swinging Strike
0-2: Ball
1-2: Ball
2-2: Foul Ball, location: 2F
2-2: Strikes out looking
Batting: RHB Mariano Juderías 0-0: Ground out 6-3 (Groundball, 56, EV 88.8 MPH)
Batting: LHB Alfonso López 0-0: SINGLE (Line Drive, 78M, EV 107.5 MPH)
Batting: SHB Tony Manzanares 0-0: Ball
Alfonso López steals 2nd base
1-0: Foul Ball, location: 2F
1-1: Ball
2-1: Swinging Strike
2-2: Fly out, F9 (Flyball, 89S, EV 88.1 MPH)
Bottom of the 3rd over - 0 runs, 1 hit, 0 errors, 1 left on base; Boston 1 - Charleston 6
TOP OF THE 4TH
Boston Patriots batting - Pitching for Charleston Battery : RHP Miguel Angel Martínez
Batting: SHB Jae-woo Ohm 0-0: Ball
1-0: Fly out, F8 (Line Drive, 8RM, EV 88.8 MPH)
Batting: LHB Jorge Herrera 0-0: Foul Ball, location: 2F
0-1: Swinging Strike
0-2: SOLO HOME RUN (Line Drive, 89XD, EV 101.9 MPH), Distance : 426 ft
Batting: LHB Tural Bishara 0-0: Ball
1-0: Ball
2-0: Ball
3-0: Called Strike
3-1: SINGLE (Groundball, 4MD, EV 110.0 MPH)
Batting: RHB Masafumi Kawaguchi 0-0: Swinging Strike
0-1: Ball
1-1: Called Strike
1-2: Strikes out looking
Batting: RHB Frank Ray 0-0: SINGLE (Flyball, 89S, EV 90.0 MPH)
Tural Bishara to second
Runner from 2nd tries for 3rd, SAFE, no throw by RF
Batting: RHB Yu-shu Kang 0-0: Ball
1-0: Ground out 4-3 (Groundball, 4D, EV 100.0 MPH)
Top of the 4th over - 1 run, 3 hits, 0 errors, 2 left on base; Boston 2 - Charleston 6
BOTTOM OF THE 4TH
Charleston Battery batting - Pitching for Boston Patriots : RHP Joy-shan Men
Batting: LHB Rafael Urrutiz 0-0: Ball
1-0: DOUBLE (Line Drive, 7LD, EV 109.4 MPH)
Batting: LHB Benno Luby 0-0: Swinging Strike
0-1: Called Strike
0-2: Strikes out swinging
Batting: LHB Joey Coco 0-0: Fly out, F4 (Line Drive, 4, EV 69.4 MPH)
Batting: RHB Melvin Thomas 0-0: Called Strike
0-1: Ball
1-1: Called Strike
1-2: Strikes out looking
Bottom of the 4th over - 0 runs, 1 hit, 0 errors, 1 left on base; Boston 2 - Charleston 6
TOP OF THE 5TH
Boston Patriots batting - Pitching for Charleston Battery : RHP Miguel Angel Martínez
Batting: RHB Juan Dávila 0-0: Foul Ball, location: 2F
0-1: Fly out, F9 (Line Drive, 9, EV 107.5 MPH)
Batting: SHB Eisse van Opdorp 0-0: Foul Ball, location: 2F
0-1: Ball
1-1: Ground out 4-3 (Groundball, 4, EV 86.9 MPH)
Batting: LHB Juan Andrés Martí 0-0: Ball
1-0: Foul Ball, location: 2F
1-1: Ball
2-1: SINGLE (Groundball, 4D, EV 98.1 MPH)
Batting: SHB Jae-woo Ohm 0-0: Called Strike
Juan Andrés Martí steals 2nd base
0-1: Ball
1-1: SINGLE (Groundball, 4D, EV 103.8 MPH)
Juan Andrés Martí to third
Runner from 3rd tries for Home, SAFE, no throw by CF
Batting: LHB Jorge Herrera 0-0: Called Strike
0-1: Swinging Strike
0-2: Ball
1-2: Strikes out swinging
Top of the 5th over - 1 run, 2 hits, 0 errors, 1 left on base; Boston 3 - Charleston 6
BOTTOM OF THE 5TH
Charleston Battery batting - Pitching for Boston Patriots : RHP Joy-shan Men
Batting: LHB Datu Lesaca 0-0: Swinging Strike
0-1: Called Strike
0-2: Ground out 4-3 (Groundball, 4, EV 101.2 MPH)
Batting: RHB Jaime Espinar 0-0: Called Strike
0-1: Swinging Strike
0-2: Strikes out swinging
Batting: RHB Mariano Juderías 0-0: Ball
1-0: SINGLE (Flyball, 9LS, EV 86.2 MPH)
Batting: LHB Alfonso López 0-0: Ball
1-0: Ground out 6-3 (Groundball, 6S, EV 72.5 MPH)
Bottom of the 5th over - 0 runs, 1 hit, 0 errors, 1 left on base; Boston 3 - Charleston 6
TOP OF THE 6TH
Boston Patriots batting - Pitching for Charleston Battery : RHP Miguel Angel Martínez
Batting: LHB Tural Bishara 0-0: Ball
1-0: Foul Ball, location: 2F
1-1: Ball
2-1: Called Strike
2-2: Foul Ball, location: 2F
2-2: Ball
3-2: Ground out 1-3 (Groundball, P, EV 69.4 MPH)
Batting: RHB Masafumi Kawaguchi 0-0: Ball
1-0: Called Strike
1-1: Foul Ball, location: 2F
1-2: Ball
2-2: Strikes out looking
Batting: RHB Frank Ray 0-0: Ball
1-0: Called Strike
1-1: Ball
2-1: Called Strike
2-2: Ball
3-2: Ground out 6-3 (Groundball, 6, EV 90.6 MPH)
Top of the 6th over - 0 runs, 0 hits, 0 errors, 0 left on base; Boston 3 - Charleston 6
BOTTOM OF THE 6TH
Charleston Battery batting - Pitching for Boston Patriots : RHP Joy-shan Men
Batting: SHB Tony Manzanares 0-0: Called Strike
0-1: Ball
1-1: Foul Ball, location: 2F
1-2: Ball
2-2: Ball
3-2: Ground out 4-3 (Groundball, 4, EV 87.5 MPH)
Batting: LHB Rafael Urrutiz 0-0: Called Strike
0-1: Ball
1-1: SINGLE (Groundball, 4M, EV 107.5 MPH) (infield hit)
Pitching: LHP Bradley Roth
Batting: LHB Benno Luby 0-0: Ball
Rafael Urrutiz is caught stealing 2nd base 2-6
1-0: Ball
2-0: Fly out, F8 (Flyball, 8RS, EV 82.5 MPH)
Bottom of the 6th over - 0 runs, 1 hit, 0 errors, 0 left on base; Boston 3 - Charleston 6
TOP OF THE 7TH
Boston Patriots batting - Pitching for Charleston Battery : RHP Miguel Angel Martínez
Batting: RHB Yu-shu Kang 0-0: Called Strike
0-1: Fly out, F8 (Flyball, 89S, EV 83.8 MPH)
Batting: RHB Juan Dávila 0-0: Ball
1-0: Ball
2-0: Called Strike
2-1: Ball
3-1: Called Strike
3-2: Fly out, F9 (Flyball, 89D, EV 86.2 MPH)
Batting: SHB Eisse van Opdorp 0-0: Called Strike
0-1: Fly out, F9 (Flyball, 9D, EV 101.2 MPH)
Top of the 7th over - 0 runs, 0 hits, 0 errors, 0 left on base; Boston 3 - Charleston 6
BOTTOM OF THE 7TH
Charleston Battery batting - Pitching for Boston Patriots : LHP Bradley Roth
Batting: LHB Joey Coco 0-0: Called Strike
0-1: Ground out 4-3 (Groundball, 4, EV 78.8 MPH)
Batting: RHB Melvin Thomas 0-0: Ball
1-0: Ground out 4-3 (Groundball, 4, EV 79.4 MPH)
Batting: LHB Datu Lesaca 0-0: Swinging Strike
0-1: Foul Ball, location: 2F
0-2: Strikes out swinging
Bottom of the 7th over - 0 runs, 0 hits, 0 errors, 0 left on base; Boston 3 - Charleston 6
TOP OF THE 8TH
Boston Patriots batting - Pitching for Charleston Battery : RHP Miguel Angel Martínez
Pitching: LHP Rodrigo Alarcon
Batting: LHB Juan Andrés Martí 0-0: Called Strike
0-1: Foul Ball, location: 2F
0-2: Foul Ball, location: 2F
0-2: Ground out U3 (Groundball, 3L, EV 90.6 MPH)
Batting: SHB Jae-woo Ohm 0-0: Ball
1-0: Ball
2-0: Called Strike
2-1: Fly out, F8 (Flyball, 8RD, EV 95.0 MPH)
Batting: LHB Jorge Herrera 0-0: Foul Ball, location: 2F
0-1: Called Strike
0-2: Ball
1-2: Strikes out swinging, 2-3 out at first.
Top of the 8th over - 0 runs, 0 hits, 0 errors, 0 left on base; Boston 3 - Charleston 6
BOTTOM OF THE 8TH
Charleston Battery batting - Pitching for Boston Patriots : LHP Bradley Roth
Batting: RHB Jaime Espinar 0-0: Ball
1-0: Ball
2-0: Ball
3-0: Base on Balls
Batting: RHB Mariano Juderías 0-0: Ball
1-0: Called Strike
1-1: Ball
2-1: Foul Ball, location: 2F
2-2: Foul Ball, location: 2F
2-2: Ball
3-2: Grounds into double play, 6-4-3 (Groundball, 6MS, EV 80.0 MPH)
Batting: LHB Alfonso López 0-0: Ball
1-0: Called Strike
1-1: Swinging Strike
1-2: Strikes out swinging
Bottom of the 8th over - 0 runs, 0 hits, 0 errors, 0 left on base; Boston 3 - Charleston 6
TOP OF THE 9TH
Boston Patriots batting - Pitching for Charleston Battery : LHP Rodrigo Alarcon
Pitching: RHP Branlyn Jaraba
Batting: LHB Tural Bishara 0-0: Called Strike
0-1: Swinging Strike
0-2: Ball
1-2: Ball
2-2: Strikes out swinging
Batting: RHB Masafumi Kawaguchi 0-0: Ball
1-0: Swinging Strike
1-1: Ball
2-1: Swinging Strike
2-2: Strikes out looking
Batting: RHB Frank Ray 0-0: Fly out, F7 (Line Drive, 7, EV 104.4 MPH)
Top of the 9th over - 0 runs, 0 hits, 0 errors, 0 left on base; Boston 3 - Charleston 6
Friday, March 26th, 2021 - OOTP Baseball 20.8 Build 74